 Dungeon Crawl Stone Soup version 0.29.0-13-gc9e81de378 (webtiles) character file.

Game seed: 113641802844811928

60 Artool the Cudgeller (level 3, -1/28 HPs)
             Began as a Demonspawn Gladiator on Sept 8, 2022.
             Slain by a gnoll
             ... wielding a +0 whip
              (3 damage)
             ... on level 2 of the Dungeon.
             The game lasted 00:02:25 (2649 turns).

Artool the Cudgeller (Demonspawn Gladiator)         Turns: 2649, Time: 00:02:25

Health: -1/28      AC:  3    Str: 16    XL:     3   Next: 80%
Magic:  3/3        EV: 12    Int:  9    God:
Gold:   117        SH:  0    Dex: 14    Spells: 2/2 levels left

rFire   . . .      SeeInvis .   p - +0 whip
rCold   . . .      Faith    .   (no shield)
rNeg    . . .      Spirit   .   b - +0 leather armour
rPois   .          Reflect  .   (helmet restricted)
rElec   .          Harm     .   (no cloak)
rCorr   .          Rampage  .   (no gloves)
Will    .....                   (no boots)
Stlth   +.........              (no amulet)
HPRegen 0.09/turn               (no ring)
MPRegen 0.08/turn               (no ring)

@: no status effects
A: horns 1
a: no special abilities


You were on level 2 of the Dungeon.
You visited 1 branch of the dungeon, and saw 2 of its levels.

You collected 117 gold pieces.

Inventory:

Hand Weapons
 a - a +0 flail
 p - a +0 whip (weapon)
Missiles
 d - 3 throwing nets (quivered)
 e - a javelin
Armour
 b - a +0 leather armour (worn)
 c - a +0 helmet
Scrolls
 f - 2 scrolls of immolation {unknown}
 g - 4 scrolls of identify {unknown}
 j - a scroll of noise {unknown}
 m - 2 scrolls of magic mapping {unknown}
 o - 2 scrolls of enchant armour {unknown}
 r - 4 scrolls of teleportation {unknown}
Potions
 h - a potion of berserk rage {unknown}
 i - a potion of curing {unknown}
 k - a potion of attraction {unknown}
 l - a potion of might {unknown}
 n - a potion of brilliance {unknown}
 q - a potion of resistance {unknown}


   Skills:
 + Level 2.7 Fighting
 + Level 3.2 Maces & Flails
 - Level 1.7 Throwing
 + Level 1.3 Armour
 + Level 3.1 Dodging


You had 2 spell levels left.
You didn't know any spells.
Your spell library was empty.

Dungeon Overview and Level Annotations

Branches:
Dungeon (2/15)

Altars:

Shops:
D:1 =


Innate Abilities, Weirdness & Mutations

You have a pair of small horns on your head.


Message History

The gnoll misses you.
The gnoll hits you from afar with a +0 spear!
You barely miss the gnoll.
You headbutt the gnoll, but do no damage.
The gnoll hits you with a +0 whip. The gnoll misses you.
The gnoll hits you with a +0 spear.
You are too injured to fight recklessly!
You are too injured to fight recklessly!
There are monsters nearby!
Unknown command.
You are too injured to fight recklessly!
There are monsters nearby!
You are too injured to fight recklessly!
Unknown command.
You are too injured to fight recklessly!
You are too injured to fight recklessly!
You are too injured to fight recklessly!
You are too injured to fight recklessly!
You are too injured to fight recklessly!
Unknown command.
You are too injured to fight recklessly!
You are too injured to fight recklessly!
You are too injured to fight recklessly!
You are too injured to fight recklessly!
You are too injured to fight recklessly!
You hit the gnoll.
The gnoll is moderately wounded.
The gnoll hits you with a +0 whip. The gnoll barely misses you.
The gnoll hits you with a +0 spear.
* * * LOW HITPOINT WARNING * * *
You hit the gnoll.
The gnoll is heavily wounded.
The gnoll closely misses you. x2; The gnoll misses you.
You hit the gnoll but do no damage. You headbutt the gnoll.
You kill the gnoll!
The gnoll hits you with a +0 whip.
* * * LOW HITPOINT WARNING * * *
The gnoll hits you but does no damage. The gnoll hits you with a +0 whip.
You die...

#.....##...........#
#.....##.............
#.....''...............
##....##..............#
#######...........##.#
#...........# .#
#######(.......[..# #
#..........####
#....@.........
#.....g........
#...g..........
#......(.......
#..............
#..............
#........$.#+#
#..........#


You could see 2 gnolls.

Vanquished Creatures
  A gnoll (D:2)
  A worm (D:2)
  5 endoplasms
  4 giant cockroaches
  4 goblins
  5 hobgoblins
  6 jackals (D:1)
  3 kobolds
  A quokka (D:1)
  3 ball pythons
  5 bats
  2 frilled lizards (D:2)
  3 rats
43 creatures vanquished.

Vanquished Creatures (others)
  A kraken (D:1)
  A ghoul (D:1)
  An octopode (D:1)
  A vine stalker (D:1)
  A gargoyle (D:1)
  2 merfolk (D:1)
  A formicid (D:1)
  A naga (D:1)
  A felid (D:1)
  2 gnolls (D:1)
  7 tentacles (D:1)
19 creatures vanquished.

Grand Total: 62 creatures vanquished

Notes
Turn   | Place    | Note
-------+----------+-------------------------------------------
     0 | D:1      | Artool the Demonspawn Gladiator began the quest for the
                  | Orb.
     0 | D:1      | Reached XP level 1. HP: 16/16 MP: 1/1
     2 | D:1      | Noticed a merfolk
     2 | D:1      | Noticed a felid
     2 | D:1      | Noticed a merfolk
     2 | D:1      | Noticed a gargoyle
     2 | D:1      | Noticed a formicid
     2 | D:1      | Noticed a naga
     2 | D:1      | Noticed a vine stalker
     2 | D:1      | Noticed a kraken
     2 | D:1      | Noticed a ghoul
     2 | D:1      | Noticed a demonspawn
     2 | D:1      | Noticed a minotaur
     2 | D:1      | Noticed a vine stalker
     2 | D:1      | Noticed an elf
     2 | D:1      | Noticed an octopode
     4 | D:1      | Killed a gargoyle
     7 | D:1      | Killed a ghoul
     7 | D:1      | Killed a naga
     8 | D:1      | Killed a vine stalker
     9 | D:1      | Killed an octopode
    10 | D:1      | Killed a merfolk
    13 | D:1      | Killed a merfolk
    14 | D:1      | Killed a felid
    14 | D:1      | Killed a formicid
    14 | D:1      | Killed a kraken
   443 | D:1      | Discovered your monstrous ancestry.
   443 | D:1      | Gained mutation: You have a pair of small horns on your
                  | head. [demonic ancestry]
   443 | D:1      | Reached XP level 2. HP: 15/22 MP: 2/2
   738 | D:1      | Found Ziusuc's Jewellery Emporium.
  1367 | D:1      | Reached skill level 1 in Armour
  1801 | D:1      | Reached XP level 3. HP: 28/28 MP: 3/3
  2649 | D:2      | Slain by a gnoll

Illustrated notes

Levels and vault maps discovered:
D:1:      nicolae_arrival_kraken_aquarium_b, layout_basic, serial_shops,
          nicolae_shop_advertising_works [nicolae_subvault_shop_adworks]
D:2:      layout_basic

Skill      XL: |  1  2 |
---------------+-------+-----
Maces & Flails | 3 |  3.2
Dodging        | 3 |  3.1
Armour         | 1 |  1.3
Fighting       | |  2.7
Throwing       | |  1.7

Action                   || total
-------------------------++-------
Melee: Flail             ||   105
       Punch             ||     4
       Headbutt          ||    20
       Whip              ||    30
Armor: Leather armour    ||    44
Dodge: Dodged            ||   106
